[ AOE2 MATCH · #478043374 ]
UnrankedMagyars vs Franks
[ REPLAY ANALYSIS · EXTRACTED FROM THE RECORDED GAME ]
Feudal
13:00
Castle
27:39
Imperial
48:18
| APM avg | 24.2 |
| APM peak | 48 |
| eAPM avg | 14.6 |
| Villagers / military | 153 / 77 |
Focus
⚔️ 32.4% · 🌾 67.6%
Skirmisher ×33 · Knight ×24 · Spearman ×12 · Scout Cavalry ×6 · Monk ×1 · Trebuchet (Packed) ×1
Feudal
12:23
Castle
18:03
Imperial
45:38
| APM avg | 57.7 |
| APM peak | 125 |
| eAPM avg | 32.1 |
| Villagers / military | 140 / 174 |
Focus
⚔️ 31.2% · 🌾 68.8%
Scout Cavalry ×96 · Knight ×54 · Battering Ram ×6 · Trebuchet (Packed) ×6 · Mangonel ×5 · Monk ×3
Feudal
10:58
Castle
21:45
Imperial
50:27
| APM avg | 46.2 |
| APM peak | 98 |
| eAPM avg | 14.4 |
| Villagers / military | 120 / 134 |
Focus
⚔️ 33.0% · 🌾 67.0%
Knight ×110 · Steppe Lancer ×15 · Scout Cavalry ×9
Feudal
15:17
Castle
19:37
Imperial
38:34
| APM avg | 35.4 |
| APM peak | 91 |
| eAPM avg | 21.4 |
| Villagers / military | 250 / 331 |
Focus
⚔️ 40.3% · 🌾 59.7%
Archer ×188 · Spearman ×130 · Trebuchet (Packed) ×7 · Skirmisher ×5 · Cavalry Archer ×1
Feudal
12:53
Castle
17:48
Imperial
37:19
| APM avg | 24.8 |
| APM peak | 57 |
| eAPM avg | 14.3 |
| Villagers / military | 144 / 214 |
Focus
⚔️ 28.6% · 🌾 71.4%
Spearman ×106 · Woad Raider ×85 · Battering Ram ×10 · Scorpion ×8 · Mangonel ×3 · Trebuchet (Packed) ×2
Feudal
13:24
Castle
17:50
Imperial
54:14
| APM avg | 59.5 |
| APM peak | 101 |
| eAPM avg | 39.9 |
| Villagers / military | 238 / 352 |
Focus
⚔️ 48.2% · 🌾 51.8%
Knight ×104 · Scout Cavalry ×83 · Skirmisher ×76 · Battle Elephant ×47 · Rattan Archer ×36 · Fishing Ship ×5
Feudal
11:50
Castle
23:44
Imperial
48:20
| APM avg | 53.9 |
| APM peak | 132 |
| eAPM avg | 27.2 |
| Villagers / military | 229 / 196 |
Focus
⚔️ 32.9% · 🌾 67.1%
Archer ×111 · Elephant Archer ×74 · Mangonel ×7 · Trebuchet (Packed) ×4
Feudal
14:23
Castle
18:21
Imperial
53:28
| APM avg | 31.5 |
| APM peak | 58 |
| eAPM avg | 21.1 |
| Villagers / military | 141 / 234 |
Focus
⚔️ 41.9% · 🌾 58.1%
War Wagon ×234
Match map
Initial resources + every placement click. Lines = walls · curves = elevation contours. ◆ gold · ⬟ stone · ● berries · ✦ relic · ◌ wall gap
Your base· Open — unwalled flank
VkA | GuiB_'s base· Open — 2t gap
Schvank's base· Open — 13t gap
MythGio's base· Open — unwalled flank
tH_cept's base· Open — unwalled flank
VkA | Pra Perder's base· Open — unwalled flank
Weary Sigh's base· Open — unwalled flank
BomBAllan's base· Open — unwalled flank
Smoothed initial terrain · ◌ = detected wall gap · hover for details
Inputs per minute
— 只会种田 - - VkA | GuiB_
Build order — 只会种田
First 150 of 420 actions detected
| 0:39 | Build | Town Center |
| 1:18 | Build | House |
| 2:54 | Research | Loom |
| 2:55 | Create | Villager (Male) |
| 2:56 | Create | Villager (Male) |
| 2:56 | Create | Villager (Male) |
| 2:56 | Create | Villager (Male) |
| 4:56 | Create | Villager (Male) |
| 4:56 | Create | Villager (Male) |
| 4:57 | Create | Villager (Male) |
| 4:57 | Create | Villager (Male) |
| 5:09 | Build | Lumber Camp |
| 5:32 | Build | House |
| 6:09 | Create | Villager (Male) |
| 6:09 | Create | Villager (Male) |
| 6:09 | Create | Villager (Male) |
| 6:10 | Create | Villager (Male) |
| 6:36 | Create | Villager (Male) |
| 6:37 | Create | Villager (Male) |
| 6:49 | Build | House |
| 6:54 | Build | Palisade Wall |
| 7:23 | Create | Villager (Male) |
| 7:23 | Create | Villager (Male) |
| 7:24 | Create | Villager (Male) |
| 7:24 | Create | Villager (Male) |
| 7:25 | Create | Villager (Male) |
| 8:08 | Create | Villager (Male) |
| 8:08 | Create | Villager (Male) |
| 8:09 | Create | Villager (Male) |
| 8:09 | Create | Villager (Male) |
| 8:14 | Create | Villager (Male) |
| 8:14 | Create | Villager (Male) |
| 8:50 | Build | Mill |
| 8:56 | Create | Villager (Male) |
| 8:57 | Create | Villager (Male) |
| 8:57 | Create | Villager (Male) |
| 9:12 | Build | House |
| 9:28 | Build | House |
| 9:34 | Create | Villager (Male) |
| 10:03 | Create | Villager (Male) |
| 10:13 | Build | Palisade Wall |
| 10:17 | Build | Palisade Wall |
| 10:36 | Research | Feudal Age |
| 10:53 | Build | Palisade Gate |
| 11:33 | Build | House |
| 11:36 | Build | Palisade Wall |
| 12:37 | Build | Barracks |
| 12:54 | Create | Villager (Male) |
| 12:54 | Create | Villager (Male) |
| 13:00 | Age | Feudal Age |
| 13:02 | Research | Double-Bit Axe |
| 13:02 | Research | Double-Bit Axe |
| 13:08 | Create | Villager (Male) |
| 13:17 | Create | Spearman |
| 13:54 | Create | Villager (Male) |
| 13:59 | Build | Stable |
| 14:30 | Create | Villager (Male) |
| 14:38 | Create | Scout Cavalry |
| 14:39 | Create | Scout Cavalry |
| 14:41 | Create | Scout Cavalry |
| 15:00 | Create | Villager (Male) |
| 15:00 | Create | Villager (Male) |
| 15:10 | Research | Horse Collar |
| 15:13 | Build | Farm |
| 15:14 | Build | Farm |
| 15:15 | Build | Farm |
| 15:23 | Create | Scout Cavalry |
| 15:37 | Create | Scout Cavalry |
| 16:04 | Build | Watch Tower |
| 16:07 | Create | Villager (Male) |
| 16:25 | Create | Villager (Male) |
| 16:35 | Create | Villager (Male) |
| 16:48 | Create | Villager (Male) |
| 16:50 | Build | Blacksmith |
| 17:25 | Build | House |
| 17:27 | Build | House |
| 17:38 | Research | Scale Barding Armor |
| 17:49 | Research | Fletching |
| 17:49 | Research | Fletching |
| 17:50 | Create | Villager (Male) |
| 17:54 | Research | Wheelbarrow |
| 17:57 | Build | Farm |
| 18:00 | Build | Farm |
| 18:01 | Build | Farm |
| 18:07 | Create | Scout Cavalry |
| 18:41 | Build | Mill |
| 18:47 | Create | Villager (Male) |
| 19:17 | Create | Villager (Male) |
| 19:24 | Build | Outpost |
| 19:34 | Create | Villager (Male) |
| 19:39 | Build | Mining Camp |
| 19:52 | Create | Villager (Male) |
| 20:03 | Build | Mining Camp |
| 20:08 | Create | Villager (Male) |
| 20:11 | Build | Farm |
| 20:14 | Build | Farm |
| 20:15 | Build | Farm |
| 20:16 | Build | Farm |
| 20:18 | Build | Farm |
| 20:30 | Create | Spearman |
| 20:30 | Create | Spearman |
| 20:46 | Create | Spearman |
| 21:08 | Create | Villager (Male) |
| 21:14 | Build | Lumber Camp |
| 21:36 | Build | Watch Tower |
| 21:48 | Create | Villager (Male) |
| 21:52 | Create | Spearman |
| 22:02 | Create | Spearman |
| 22:28 | Create | Villager (Male) |
| 22:34 | Create | Spearman |
| 22:35 | Create | Spearman |
| 22:47 | Create | Spearman |
| 23:27 | Build | Lumber Camp |
| 24:59 | Research | Castle Age |
| 25:00 | Research | Castle Age |
| 25:26 | Create | Villager (Male) |
| 25:45 | Research | Scale Mail Armor |
| 25:46 | Research | Scale Mail Armor |
| 26:04 | Create | Villager (Male) |
| 26:10 | Build | Barracks |
| 26:19 | Create | Spearman |
| 26:31 | Build | Stone Wall |
| 26:35 | Build | Stone Wall |
| 26:37 | Build | Gate |
| 26:40 | Build | Stone Wall |
| 26:45 | Create | Villager (Male) |
| 26:55 | Create | Spearman |
| 26:55 | Create | Spearman |
| 27:29 | Create | Villager (Male) |
| 27:39 | Age | Castle Age |
| 29:29 | Build | Town Center |
| 29:49 | Research | Bow Saw |
| 29:49 | Research | Bow Saw |
| 30:32 | Build | Mining Camp |
| 31:03 | Create | Villager (Male) |
| 31:03 | Create | Villager (Male) |
| 31:07 | Build | Farm |
| 31:09 | Build | Farm |
| 31:10 | Build | Farm |
| 31:11 | Build | Farm |
| 31:26 | Create | Villager (Male) |
| 31:26 | Create | Villager (Male) |
| 31:26 | Create | Villager (Male) |
| 31:27 | Create | Villager (Male) |
| 31:27 | Create | Villager (Male) |
| 31:28 | Create | Villager (Male) |
| 31:43 | Build | Stable |
| 31:59 | Build | Town Center |
| 32:03 | Create | Villager (Male) |
| 32:04 | Create | Villager (Male) |
Build order — VkA | GuiB_
First 150 of 497 actions detected
| 0:03 | Build | Town Center |
| 1:18 | Build | House |
| 2:39 | Create | Villager (Male) |
| 2:39 | Create | Villager (Male) |
| 2:42 | Create | Villager (Male) |
| 2:43 | Create | Villager (Male) |
| 3:20 | Build | House |
| 4:09 | Create | Villager (Male) |
| 4:09 | Create | Villager (Male) |
| 4:23 | Build | Lumber Camp |
| 4:38 | Create | Villager (Male) |
| 4:38 | Create | Villager (Male) |
| 5:06 | Research | Loom |
| 5:06 | Research | Loom |
| 5:07 | Research | Loom |
| 5:19 | Create | Villager (Male) |
| 5:19 | Create | Villager (Male) |
| 5:45 | Create | Villager (Male) |
| 5:45 | Create | Villager (Male) |
| 6:00 | Build | House |
| 6:39 | Create | Villager (Male) |
| 6:39 | Create | Villager (Male) |
| 6:46 | Build | Mill |
| 7:13 | Create | Villager (Male) |
| 7:14 | Create | Villager (Male) |
| 7:29 | Create | Villager (Male) |
| 8:05 | Create | Villager (Male) |
| 8:28 | Create | Villager (Male) |
| 8:46 | Create | Villager (Male) |
| 9:15 | Create | Villager (Male) |
| 9:38 | Create | Villager (Male) |
| 10:13 | Research | Feudal Age |
| 10:13 | Research | Feudal Age |
| 10:49 | Build | Barracks |
| 10:52 | Build | House |
| 11:25 | Create | Villager (Male) |
| 12:23 | Age | Feudal Age |
| 12:25 | Create | Villager (Male) |
| 12:34 | Build | Farm |
| 12:34 | Build | Farm |
| 12:42 | Build | Palisade Wall |
| 12:47 | Build | Stable |
| 12:55 | Create | Villager (Male) |
| 13:39 | Create | Villager (Male) |
| 14:03 | Build | Market |
| 14:07 | Create | Villager (Male) |
| 14:28 | Build | Palisade Wall |
| 14:34 | Create | Spearman |
| 14:39 | Build | Palisade Gate |
| 14:40 | Create | Villager (Male) |
| 14:56 | Create | Villager (Male) |
| 15:23 | Research | Castle Age |
| 15:23 | Research | Castle Age |
| 16:16 | Build | House |
| 16:34 | Build | House |
| 16:54 | Build | House |
| 18:03 | Age | Castle Age |
| 18:11 | Create | Villager (Male) |
| 18:19 | Create | Knight |
| 18:19 | Create | Knight |
| 18:59 | Build | Town Center |
| 19:17 | Create | Villager (Male) |
| 19:17 | Create | Villager (Male) |
| 19:22 | Build | Farm |
| 19:25 | Build | Farm |
| 19:53 | Create | Knight |
| 19:53 | Create | Knight |
| 20:01 | Build | Blacksmith |
| 20:24 | Create | Villager (Male) |
| 20:45 | Build | Farm |
| 20:46 | Build | Farm |
| 21:08 | Build | Farm |
| 21:14 | Create | Villager (Male) |
| 21:35 | Build | Farm |
| 21:43 | Create | Villager (Male) |
| 21:43 | Create | Villager (Male) |
| 21:53 | Create | Villager (Male) |
| 22:21 | Build | Mining Camp |
| 22:23 | Create | Villager (Male) |
| 22:31 | Create | Villager (Male) |
| 22:31 | Create | Villager (Male) |
| 22:39 | Research | Town Watch |
| 22:39 | Research | Town Watch |
| 22:58 | Create | Villager (Male) |
| 23:02 | Create | Knight |
| 23:07 | Build | House |
| 23:07 | Build | House |
| 23:08 | Build | House |
| 23:14 | Build | House |
| 23:29 | Research | Scale Barding Armor |
| 23:29 | Research | Scale Barding Armor |
| 23:32 | Create | Knight |
| 23:55 | Create | Villager (Male) |
| 23:56 | Create | Villager (Male) |
| 24:05 | Create | Villager (Male) |
| 24:29 | Create | Villager (Male) |
| 24:34 | Build | Farm |
| 25:01 | Build | Castle |
| 25:10 | Build | Castle |
| 25:22 | Create | Villager (Male) |
| 25:24 | Build | Farm |
| 25:26 | Create | Villager (Male) |
| 25:30 | Create | Villager (Male) |
| 25:54 | Build | Castle |
| 26:23 | Create | Villager (Male) |
| 26:40 | Build | Lumber Camp |
| 26:42 | Create | Villager (Male) |
| 27:06 | Build | Farm |
| 27:07 | Build | Farm |
| 27:19 | Research | Forging |
| 27:32 | Build | Mining Camp |
| 27:42 | Build | Mining Camp |
| 27:44 | Create | Villager (Male) |
| 27:48 | Create | Villager (Male) |
| 27:55 | Build | Siege Workshop |
| 28:01 | Create | Knight |
| 28:02 | Create | Knight |
| 28:02 | Create | Knight |
| 28:18 | Build | Farm |
| 28:44 | Create | Villager (Male) |
| 28:47 | Build | Monastery |
| 29:08 | Create | Knight |
| 29:46 | Create | Monk |
| 29:46 | Create | Monk |
| 29:49 | Create | Villager (Male) |
| 29:51 | Create | Villager (Male) |
| 29:51 | Create | Villager (Male) |
| 29:53 | Build | Mining Camp |
| 29:57 | Build | Farm |
| 30:21 | Create | Knight |
| 30:22 | Create | Knight |
| 30:33 | Create | Knight |
| 30:46 | Build | Farm |
| 30:47 | Create | Villager (Male) |
| 30:56 | Create | Villager (Male) |
| 30:57 | Create | Villager (Male) |
| 31:09 | Build | Stable |
| 31:11 | Create | Villager (Male) |
| 31:23 | Create | Mangonel |
| 31:24 | Create | Mangonel |
| 31:24 | Create | Mangonel |
| 31:34 | Create | Knight |
| 31:38 | Create | Villager (Male) |
| 32:01 | Create | Villager (Male) |
| 32:12 | Build | Siege Workshop |
| 32:44 | Create | Villager (Male) |
| 32:45 | Create | Knight |
| 33:09 | Create | Villager (Male) |
| 33:24 | Build | Town Center |
| 33:39 | Create | Villager (Male) |
Build order — Schvank
First 150 of 376 actions detected
| 0:02 | Build | Town Center |
| 2:11 | Build | House |
| 2:33 | Create | Villager (Male) |
| 2:33 | Create | Villager (Male) |
| 2:33 | Create | Villager (Male) |
| 3:08 | Create | Villager (Male) |
| 3:08 | Create | Villager (Male) |
| 3:09 | Create | Villager (Male) |
| 3:36 | Create | Villager (Male) |
| 3:36 | Create | Villager (Male) |
| 3:36 | Create | Villager (Male) |
| 4:17 | Create | Villager (Male) |
| 4:17 | Create | Villager (Male) |
| 4:17 | Create | Villager (Male) |
| 4:51 | Build | House |
| 4:55 | Create | Villager (Male) |
| 4:55 | Create | Villager (Male) |
| 5:36 | Create | Villager (Male) |
| 5:36 | Create | Villager (Male) |
| 5:37 | Create | Villager (Male) |
| 5:50 | Build | Lumber Camp |
| 5:56 | Create | Villager (Male) |
| 5:57 | Create | Villager (Male) |
| 6:01 | Build | House |
| 6:18 | Create | Villager (Male) |
| 6:37 | Build | House |
| 6:46 | Create | Villager (Male) |
| 6:54 | Build | House |
| 7:07 | Create | Villager (Male) |
| 7:07 | Create | Villager (Male) |
| 7:11 | Create | Villager (Male) |
| 7:56 | Build | Mill |
| 8:38 | Research | Feudal Age |
| 9:30 | Create | Villager (Male) |
| 9:34 | Build | Barracks |
| 9:37 | Build | House |
| 10:02 | Create | Villager (Male) |
| 10:27 | Build | House |
| 10:49 | Build | House |
| 10:58 | Age | Feudal Age |
| 10:59 | Build | Stable |
| 11:07 | Build | House |
| 11:17 | Create | Villager (Male) |
| 11:24 | Build | House |
| 11:33 | Create | Villager (Male) |
| 11:46 | Create | Villager (Male) |
| 11:53 | Build | House |
| 11:56 | Research | Double-Bit Axe |
| 11:58 | Create | Scout Cavalry |
| 11:58 | Create | Scout Cavalry |
| 12:01 | Build | House |
| 12:17 | Build | Mill |
| 12:28 | Research | Loom |
| 12:29 | Create | Villager (Male) |
| 12:31 | Create | Scout Cavalry |
| 12:45 | Create | Villager (Male) |
| 12:53 | Create | Scout Cavalry |
| 13:01 | Create | Scout Cavalry |
| 13:32 | Build | House |
| 13:47 | Create | Scout Cavalry |
| 13:49 | Create | Villager (Male) |
| 13:49 | Create | Villager (Male) |
| 14:02 | Build | Mill |
| 14:10 | Create | Villager (Male) |
| 14:11 | Create | Scout Cavalry |
| 14:27 | Create | Villager (Male) |
| 14:28 | Create | Scout Cavalry |
| 14:55 | Create | Villager (Male) |
| 15:10 | Create | Villager (Male) |
| 15:15 | Build | Mining Camp |
| 15:56 | Create | Scout Cavalry |
| 16:18 | Create | Villager (Male) |
| 16:32 | Create | Villager (Male) |
| 16:51 | Build | Mill |
| 16:54 | Build | House |
| 17:57 | Create | Villager (Male) |
| 17:57 | Create | Villager (Male) |
| 18:04 | Build | Market |
| 18:13 | Research | Bloodlines |
| 18:15 | Research | Gold Mining |
| 18:15 | Research | Gold Mining |
| 18:46 | Build | Blacksmith |
| 19:05 | Research | Castle Age |
| 19:33 | Build | Stable |
| 19:37 | Research | Scale Barding Armor |
| 19:38 | Research | Forging |
| 19:57 | Build | House |
| 19:58 | Build | Palisade Wall |
| 20:48 | Build | Palisade Wall |
| 20:50 | Build | Palisade Wall |
| 20:57 | Create | Villager (Male) |
| 21:01 | Build | Mill |
| 21:20 | Build | House |
| 21:21 | Build | House |
| 21:45 | Age | Castle Age |
| 21:56 | Create | Knight |
| 21:56 | Create | Knight |
| 21:57 | Create | Knight |
| 21:59 | Research | Chain Barding Armor |
| 21:59 | Research | Chain Barding Armor |
| 22:26 | Research | Husbandry |
| 22:28 | Create | Knight |
| 23:35 | Create | Knight |
| 23:35 | Create | Knight |
| 23:36 | Create | Knight |
| 23:44 | Build | Lumber Camp |
| 23:53 | Create | Knight |
| 23:53 | Create | Knight |
| 24:31 | Create | Knight |
| 24:32 | Create | Knight |
| 24:32 | Create | Knight |
| 25:03 | Create | Knight |
| 25:03 | Create | Knight |
| 25:03 | Create | Knight |
| 25:09 | Create | Villager (Male) |
| 25:09 | Create | Villager (Male) |
| 25:35 | Create | Villager (Male) |
| 25:35 | Create | Villager (Male) |
| 25:51 | Create | Knight |
| 25:51 | Create | Knight |
| 25:52 | Create | Knight |
| 26:26 | Create | Villager (Male) |
| 26:29 | Build | Farm |
| 26:34 | Build | Mining Camp |
| 26:50 | Create | Villager (Male) |
| 27:18 | Create | Villager (Male) |
| 27:19 | Create | Knight |
| 27:20 | Create | Knight |
| 27:20 | Create | Knight |
| 28:00 | Create | Knight |
| 28:00 | Create | Knight |
| 28:11 | Research | Iron Casting |
| 28:32 | Build | House |
| 29:06 | Create | Villager (Male) |
| 29:07 | Create | Villager (Male) |
| 29:10 | Create | Knight |
| 29:10 | Create | Knight |
| 29:10 | Create | Knight |
| 29:34 | Build | Farm |
| 29:35 | Build | Farm |
| 29:36 | Build | Farm |
| 29:50 | Create | Knight |
| 29:50 | Create | Knight |
| 29:50 | Create | Knight |
| 29:51 | Create | Knight |
| 30:34 | Create | Knight |
| 30:34 | Create | Knight |
| 31:01 | Create | Knight |
| 31:01 | Create | Knight |
| 31:13 | Build | Mill |
Build order — MythGio
First 150 of 681 actions detected
| 0:44 | Build | Town Center |
| 2:59 | Build | House |
| 3:07 | Create | Villager (Male) |
| 3:07 | Create | Villager (Male) |
| 3:07 | Create | Villager (Male) |
| 3:07 | Create | Villager (Male) |
| 3:08 | Create | Villager (Male) |
| 3:08 | Create | Villager (Male) |
| 4:00 | Create | Villager (Male) |
| 4:01 | Create | Villager (Male) |
| 4:08 | Research | Loom |
| 4:26 | Create | Villager (Male) |
| 4:27 | Create | Villager (Male) |
| 4:27 | Create | Villager (Male) |
| 4:27 | Create | Villager (Male) |
| 4:51 | Create | Villager (Male) |
| 4:51 | Create | Villager (Male) |
| 4:51 | Create | Villager (Male) |
| 5:07 | Create | Villager (Male) |
| 5:07 | Create | Villager (Male) |
| 5:07 | Create | Villager (Male) |
| 5:17 | Build | House |
| 5:24 | Build | House |
| 5:46 | Create | Villager (Male) |
| 5:46 | Create | Villager (Male) |
| 5:48 | Build | Lumber Camp |
| 5:49 | Create | Villager (Male) |
| 5:49 | Create | Villager (Male) |
| 6:09 | Create | Villager (Male) |
| 6:09 | Create | Villager (Male) |
| 6:10 | Create | Villager (Male) |
| 6:43 | Create | Villager (Male) |
| 6:44 | Create | Villager (Male) |
| 6:59 | Create | Villager (Male) |
| 6:59 | Create | Villager (Male) |
| 7:18 | Create | Villager (Male) |
| 7:18 | Create | Villager (Male) |
| 7:41 | Create | Villager (Male) |
| 7:42 | Create | Villager (Male) |
| 8:07 | Build | Palisade Wall |
| 8:10 | Build | Palisade Wall |
| 8:34 | Create | Villager (Male) |
| 8:35 | Create | Villager (Male) |
| 9:00 | Create | Villager (Male) |
| 9:00 | Create | Villager (Male) |
| 9:00 | Create | Villager (Male) |
| 9:00 | Create | Villager (Male) |
| 9:00 | Create | Villager (Male) |
| 9:03 | Build | House |
| 9:44 | Create | Villager (Male) |
| 9:44 | Create | Villager (Male) |
| 9:45 | Create | Villager (Male) |
| 9:45 | Create | Villager (Male) |
| 9:49 | Create | Villager (Male) |
| 9:49 | Create | Villager (Male) |
| 10:42 | Create | Villager (Male) |
| 10:43 | Create | Villager (Male) |
| 10:43 | Create | Villager (Male) |
| 10:45 | Create | Villager (Male) |
| 10:45 | Create | Villager (Male) |
| 10:49 | Create | Villager (Male) |
| 10:50 | Create | Villager (Male) |
| 10:50 | Create | Villager (Male) |
| 11:03 | Create | Villager (Male) |
| 11:30 | Build | Palisade Wall |
| 11:30 | Build | Palisade Wall |
| 11:31 | Build | Palisade Wall |
| 11:31 | Build | Palisade Wall |
| 11:31 | Build | Palisade Wall |
| 11:32 | Build | Palisade Wall |
| 11:32 | Build | Palisade Wall |
| 11:32 | Build | Palisade Wall |
| 11:33 | Build | Palisade Wall |
| 11:33 | Build | Palisade Wall |
| 11:33 | Build | Palisade Wall |
| 11:33 | Build | Palisade Wall |
| 11:34 | Build | Palisade Wall |
| 11:34 | Build | Palisade Wall |
| 11:34 | Build | Palisade Wall |
| 11:34 | Build | Palisade Wall |
| 11:37 | Create | Villager (Male) |
| 11:37 | Create | Villager (Male) |
| 11:42 | Build | House |
| 11:52 | Create | Villager (Male) |
| 11:53 | Create | Villager (Male) |
| 12:04 | Create | Villager (Male) |
| 12:09 | Build | Mill |
| 12:48 | Create | Villager (Male) |
| 13:07 | Research | Feudal Age |
| 13:21 | Create | Villager (Male) |
| 13:41 | Create | Villager (Male) |
| 13:45 | Build | House |
| 14:08 | Build | Palisade Wall |
| 14:09 | Build | Palisade Wall |
| 14:09 | Build | Palisade Wall |
| 14:09 | Build | Palisade Wall |
| 14:09 | Build | Palisade Wall |
| 14:10 | Build | Palisade Wall |
| 14:10 | Build | Palisade Wall |
| 14:10 | Build | Palisade Wall |
| 14:10 | Build | Palisade Wall |
| 14:11 | Build | Palisade Wall |
| 14:11 | Build | Palisade Wall |
| 14:11 | Build | Palisade Wall |
| 14:12 | Build | Palisade Wall |
| 14:42 | Build | Barracks |
| 14:45 | Create | Villager (Male) |
| 14:46 | Create | Villager (Male) |
| 15:17 | Build | Mill |
| 15:17 | Age | Feudal Age |
| 15:20 | Create | Villager (Male) |
| 15:45 | Build | Archery Range |
| 15:48 | Build | Blacksmith |
| 15:50 | Build | House |
| 15:51 | Build | House |
| 16:01 | Create | Villager (Male) |
| 16:26 | Create | Villager (Male) |
| 16:35 | Build | Palisade Wall |
| 16:37 | Build | Palisade Wall |
| 16:37 | Build | Palisade Wall |
| 16:38 | Build | Palisade Wall |
| 16:39 | Build | Palisade Wall |
| 16:39 | Build | Palisade Wall |
| 16:40 | Build | Palisade Wall |
| 16:40 | Build | Palisade Wall |
| 16:40 | Build | Palisade Wall |
| 16:41 | Build | Palisade Wall |
| 16:41 | Build | Palisade Wall |
| 16:41 | Build | Palisade Wall |
| 16:41 | Build | Palisade Wall |
| 16:42 | Build | Palisade Wall |
| 16:43 | Build | Palisade Wall |
| 16:44 | Build | Palisade Wall |
| 16:44 | Build | Palisade Wall |
| 16:44 | Build | Palisade Wall |
| 16:45 | Build | Palisade Wall |
| 16:45 | Build | Palisade Wall |
| 16:45 | Build | Palisade Wall |
| 16:46 | Build | Palisade Wall |
| 16:46 | Build | Palisade Wall |
| 16:46 | Build | Palisade Wall |
| 16:46 | Build | Palisade Wall |
| 16:47 | Build | Palisade Wall |
| 16:47 | Build | Palisade Wall |
| 16:47 | Build | Palisade Wall |
| 16:47 | Build | Palisade Wall |
| 16:48 | Build | Palisade Wall |
| 16:48 | Build | Palisade Wall |
| 16:48 | Build | Palisade Wall |
| 16:50 | Create | Villager (Male) |
Build order — tH_cept
First 150 of 397 actions detected
| 0:22 | Build | Town Center |
| 1:14 | Build | Lumber Camp |
| 1:19 | Build | House |
| 2:27 | Create | Villager (Male) ×4 |
| 3:30 | Research | Loom |
| 3:59 | Create | Villager (Male) |
| 4:41 | Build | House |
| 4:48 | Create | Villager (Male) |
| 4:48 | Create | Villager (Male) |
| 5:31 | Create | Villager (Male) |
| 5:32 | Create | Villager (Male) |
| 6:13 | Create | Villager (Male) |
| 6:14 | Create | Villager (Male) |
| 6:19 | Build | House |
| 6:39 | Build | Lumber Camp |
| 6:57 | Create | Villager (Male) |
| 7:20 | Create | Villager (Male) |
| 8:08 | Create | Villager (Male) |
| 8:14 | Build | Mill |
| 8:52 | Create | Villager (Male) |
| 8:52 | Create | Villager (Male) |
| 9:36 | Build | House |
| 9:41 | Create | Villager (Male) |
| 10:03 | Build | Palisade Wall |
| 10:18 | Build | Palisade Wall |
| 10:28 | Build | Palisade Wall |
| 10:43 | Research | Feudal Age |
| 11:49 | Build | House |
| 12:01 | Build | Barracks |
| 12:14 | Create | Villager (Male) |
| 12:39 | Create | Villager (Male) |
| 12:53 | Age | Feudal Age |
| 13:08 | Build | Market |
| 13:09 | Create | Spearman |
| 13:13 | Create | Villager (Male) |
| 13:47 | Build | Blacksmith |
| 15:08 | Research | Castle Age |
| 15:09 | Research | Castle Age |
| 15:18 | Create | Spearman |
| 15:52 | Create | Spearman |
| 16:20 | Research | Double-Bit Axe |
| 16:59 | Create | Spearman |
| 17:15 | Research | Wheelbarrow |
| 17:21 | Build | House |
| 17:43 | Create | Villager (Male) |
| 17:48 | Age | Castle Age |
| 17:59 | Build | Town Center |
| 18:02 | Create | Villager (Male) |
| 18:10 | Build | Town Center |
| 18:23 | Build | Town Center |
| 18:33 | Create | Villager (Male) |
| 19:33 | Create | Villager (Male) |
| 19:54 | Build | Town Center |
| 20:01 | Create | Villager (Male) |
| 20:31 | Build | Town Center |
| 20:35 | Create | Villager (Male) |
| 20:44 | Create | Villager (Male) |
| 20:44 | Create | Villager (Male) |
| 21:03 | Build | Town Center |
| 21:21 | Create | Villager (Male) |
| 21:21 | Create | Villager (Male) |
| 21:27 | Create | Villager (Male) |
| 21:50 | Create | Villager (Male) |
| 21:51 | Create | Villager (Male) |
| 22:04 | Create | Villager (Male) |
| 22:05 | Create | Villager (Male) |
| 22:18 | Research | Arson |
| 22:24 | Create | Villager (Male) |
| 22:24 | Create | Villager (Male) |
| 22:36 | Create | Villager (Male) |
| 22:47 | Create | Spearman |
| 22:47 | Create | Spearman |
| 23:07 | Create | Villager (Male) |
| 23:07 | Create | Villager (Male) |
| 23:07 | Create | Villager (Male) |
| 23:15 | Create | Villager (Male) |
| 23:16 | Create | Villager (Male) |
| 23:25 | Create | Villager (Male) |
| 23:25 | Create | Villager (Male) |
| 23:25 | Create | Villager (Male) |
| 23:25 | Create | Villager (Male) |
| 23:40 | Create | Villager (Male) |
| 23:52 | Create | Villager (Male) |
| 23:52 | Create | Villager (Male) |
| 23:52 | Create | Villager (Male) |
| 23:58 | Build | Farm |
| 23:59 | Build | Farm |
| 24:00 | Build | Farm |
| 24:01 | Build | Farm |
| 24:01 | Build | Farm |
| 24:09 | Research | Horse Collar |
| 24:10 | Create | Villager (Male) |
| 24:20 | Create | Villager (Male) |
| 24:35 | Create | Villager (Male) |
| 24:36 | Create | Villager (Male) |
| 24:36 | Create | Villager (Male) |
| 24:41 | Build | Mining Camp |
| 24:43 | Create | Villager (Male) |
| 24:43 | Create | Villager (Male) |
| 24:59 | Create | Villager (Male) |
| 25:00 | Create | Villager (Male) |
| 25:08 | Build | House |
| 25:08 | Build | House |
| 25:09 | Build | House |
| 25:10 | Build | House |
| 25:14 | Create | Villager (Male) |
| 25:27 | Create | Villager (Male) |
| 25:27 | Create | Villager (Male) |
| 25:28 | Create | Villager (Male) |
| 25:43 | Build | House |
| 25:44 | Build | House |
| 25:45 | Build | House |
| 25:46 | Build | House |
| 25:47 | Build | House |
| 25:49 | Create | Villager (Male) |
| 25:49 | Create | Villager (Male) |
| 25:49 | Create | Villager (Male) |
| 25:49 | Create | Villager (Male) |
| 26:11 | Create | Villager (Male) |
| 26:11 | Create | Villager (Male) |
| 26:24 | Create | Villager (Male) ×4 |
| 26:46 | Create | Villager (Male) |
| 26:46 | Create | Villager (Male) |
| 26:49 | Research | Forging |
| 27:00 | Build | Farm |
| 27:01 | Build | Farm |
| 27:03 | Build | Farm |
| 27:04 | Build | Farm |
| 27:08 | Create | Villager (Male) |
| 27:16 | Build | Lumber Camp |
| 27:22 | Build | House |
| 27:23 | Build | House |
| 27:23 | Build | House |
| 27:24 | Build | House |
| 27:25 | Build | House |
| 27:30 | Build | Palisade Wall |
| 27:34 | Create | Villager (Male) |
| 27:34 | Create | Villager (Male) |
| 27:34 | Create | Villager (Male) |
| 27:34 | Create | Villager (Male) |
| 27:35 | Create | Villager (Male) |
| 27:35 | Create | Villager (Male) |
| 27:35 | Create | Villager (Male) |
| 27:46 | Build | Lumber Camp |
| 27:49 | Create | Villager (Male) |
| 27:49 | Create | Villager (Male) |
| 27:50 | Create | Villager (Male) |
| 28:04 | Build | Barracks |
| 28:08 | Create | Villager (Male) |
| 28:08 | Create | Villager (Male) |
Build order — VkA | Pra Perder
First 150 of 1057 actions detected
| 0:30 | Build | Town Center |
| 2:29 | Create | Villager (Male) |
| 2:29 | Create | Villager (Male) |
| 2:29 | Create | Villager (Male) |
| 2:29 | Create | Villager (Male) |
| 2:30 | Build | House |
| 2:31 | Build | House |
| 3:38 | Create | Villager (Male) |
| 3:38 | Create | Villager (Male) |
| 4:08 | Create | Villager (Male) |
| 4:08 | Create | Villager (Male) |
| 4:37 | Create | Villager (Male) |
| 4:37 | Create | Villager (Male) |
| 4:37 | Create | Villager (Male) |
| 4:52 | Create | Villager (Male) |
| 4:53 | Create | Villager (Male) |
| 5:10 | Build | Lumber Camp |
| 5:14 | Create | Villager (Male) |
| 5:14 | Create | Villager (Male) |
| 5:14 | Create | Villager (Male) |
| 5:28 | Create | Villager (Male) |
| 5:28 | Create | Villager (Male) |
| 6:06 | Create | Villager (Male) |
| 6:40 | Create | Villager (Male) |
| 6:41 | Create | Villager (Male) |
| 6:43 | Build | House |
| 6:49 | Create | Villager (Male) |
| 6:49 | Create | Villager (Male) |
| 7:18 | Build | House |
| 7:41 | Create | Villager (Male) |
| 7:57 | Create | Villager (Male) |
| 8:07 | Create | Villager (Male) |
| 8:54 | Create | Villager (Male) |
| 9:06 | Create | Villager (Male) |
| 9:13 | Build | Palisade Gate |
| 9:55 | Build | House |
| 10:09 | Create | Villager (Male) |
| 10:11 | Build | Mill |
| 10:15 | Build | House |
| 10:24 | Create | Villager (Male) |
| 10:31 | Build | Dock |
| 10:49 | Create | Villager (Male) |
| 11:04 | Create | Fishing Ship |
| 11:04 | Create | Fishing Ship |
| 11:07 | Build | House |
| 11:10 | Research | Feudal Age |
| 11:10 | Research | Feudal Age |
| 11:10 | Research | Feudal Age |
| 11:17 | Research | Loom |
| 12:13 | Create | Fishing Ship |
| 12:44 | Build | Mining Camp |
| 13:04 | Create | Villager (Male) |
| 13:19 | Build | House |
| 13:24 | Age | Feudal Age |
| 13:51 | Research | Double-Bit Axe |
| 13:51 | Research | Double-Bit Axe |
| 13:52 | Research | Double-Bit Axe |
| 13:57 | Build | Market |
| 13:59 | Create | Villager (Male) |
| 14:22 | Create | Villager (Male) |
| 14:27 | Build | Blacksmith |
| 14:46 | Build | Palisade Gate |
| 14:47 | Build | Palisade Wall |
| 14:48 | Build | Palisade Wall |
| 14:52 | Build | House |
| 14:56 | Build | Palisade Wall |
| 14:58 | Build | Palisade Wall |
| 15:00 | Build | Palisade Wall |
| 15:10 | Research | Castle Age |
| 15:10 | Research | Castle Age |
| 15:11 | Research | Castle Age |
| 15:23 | Create | Fishing Ship |
| 15:30 | Research | Horse Collar |
| 15:31 | Research | Horse Collar |
| 15:47 | Build | Palisade Wall |
| 15:48 | Build | Palisade Wall |
| 15:57 | Create | Villager (Male) |
| 16:00 | Build | Palisade Wall |
| 16:02 | Build | Palisade Wall |
| 16:05 | Build | Palisade Wall |
| 16:06 | Build | Palisade Wall |
| 16:08 | Build | Palisade Wall |
| 16:09 | Build | Palisade Wall |
| 16:43 | Build | Barracks |
| 16:52 | Research | Gold Mining |
| 16:52 | Research | Gold Mining |
| 17:08 | Create | Fishing Ship |
| 17:11 | Build | Stable |
| 17:17 | Build | Farm |
| 17:19 | Build | Farm |
| 17:21 | Build | Farm |
| 17:24 | Build | Farm |
| 17:31 | Build | Palisade Wall |
| 17:33 | Build | Palisade Wall |
| 17:37 | Build | Palisade Wall |
| 17:50 | Age | Castle Age |
| 17:53 | Create | Knight |
| 17:56 | Research | Scale Barding Armor |
| 17:56 | Research | Scale Barding Armor |
| 17:56 | Research | Scale Barding Armor |
| 17:58 | Create | Villager (Male) |
| 18:04 | Create | Knight |
| 18:15 | Create | Villager (Male) |
| 18:29 | Build | Lumber Camp |
| 18:34 | Create | Knight |
| 18:46 | Create | Villager (Male) |
| 19:08 | Build | Palisade Wall |
| 19:10 | Create | Villager (Male) |
| 19:11 | Create | Knight |
| 19:17 | Build | Town Center |
| 19:23 | Create | Knight |
| 19:33 | Build | House |
| 19:41 | Build | Palisade Gate |
| 19:43 | Build | Palisade Wall |
| 19:44 | Build | Palisade Wall |
| 19:58 | Create | Knight |
| 20:16 | Build | House |
| 20:22 | Build | House |
| 20:23 | Build | Palisade Wall |
| 20:55 | Create | Knight |
| 20:55 | Create | Knight |
| 21:06 | Research | Husbandry |
| 21:06 | Research | Husbandry |
| 21:17 | Create | Villager (Male) |
| 21:17 | Create | Villager (Male) |
| 21:38 | Create | Villager (Male) |
| 21:39 | Create | Villager (Male) |
| 21:39 | Create | Villager (Male) |
| 21:42 | Build | Farm |
| 21:58 | Create | Villager (Male) |
| 22:05 | Build | Farm |
| 22:42 | Create | Villager (Male) |
| 22:42 | Create | Villager (Male) |
| 22:43 | Create | Villager (Male) |
| 22:48 | Create | Knight |
| 22:48 | Create | Knight |
| 22:49 | Create | Villager (Male) |
| 22:49 | Create | Villager (Male) |
| 22:50 | Create | Villager (Male) |
| 22:54 | Build | Town Center |
| 23:06 | Create | Villager (Male) |
| 23:07 | Create | Villager (Male) |
| 23:08 | Build | Farm |
| 23:08 | Build | Farm |
| 23:10 | Build | Farm |
| 23:19 | Create | Knight |
| 23:27 | Build | Farm |
| 23:30 | Build | Farm |
| 23:31 | Build | Farm |
| 23:48 | Build | Fish Trap |
Build order — Weary Sigh
First 150 of 468 actions detected
| 0:18 | Build | Town Center |
| 2:34 | Create | Villager (Male) ×4 |
| 2:36 | Build | House |
| 3:34 | Create | Villager (Male) |
| 3:57 | Build | Lumber Camp |
| 4:31 | Create | Villager (Male) |
| 4:32 | Create | Villager (Male) |
| 4:32 | Create | Villager (Male) |
| 4:51 | Build | House |
| 5:00 | Create | Villager (Male) |
| 5:00 | Create | Villager (Male) |
| 5:22 | Create | Villager (Male) |
| 5:22 | Create | Villager (Male) |
| 5:47 | Build | Mill |
| 6:17 | Create | Villager (Male) |
| 6:17 | Create | Villager (Male) |
| 6:17 | Create | Villager (Male) |
| 6:31 | Build | House |
| 6:59 | Create | Villager (Male) |
| 6:59 | Create | Villager (Male) |
| 7:35 | Create | Villager (Male) |
| 7:35 | Create | Villager (Male) |
| 7:40 | Create | Villager (Male) |
| 7:40 | Create | Villager (Male) |
| 8:07 | Create | Villager (Male) |
| 8:07 | Create | Villager (Male) |
| 8:09 | Research | Loom |
| 9:24 | Build | House |
| 9:32 | Research | Feudal Age |
| 10:00 | Build | Barracks |
| 11:23 | Create | Villager (Male) |
| 11:24 | Create | Villager (Male) |
| 11:24 | Create | Villager (Male) |
| 11:40 | Build | House |
| 11:50 | Age | Feudal Age |
| 11:55 | Build | Archery Range |
| 12:02 | Build | Archery Range |
| 12:13 | Build | Blacksmith |
| 12:22 | Create | Villager (Male) |
| 13:03 | Build | Mill |
| 13:05 | Create | Villager (Male) |
| 13:07 | Create | Archer ×3 |
| 13:31 | Build | Farm |
| 13:31 | Build | Farm |
| 13:43 | Create | Archer |
| 13:43 | Create | Archer |
| 13:48 | Research | Double-Bit Axe |
| 14:01 | Create | Villager (Male) |
| 14:01 | Create | Villager (Male) |
| 14:04 | Create | Archer |
| 14:04 | Create | Archer |
| 14:06 | Build | House |
| 14:10 | Build | House |
| 14:11 | Create | Archer |
| 14:12 | Create | Archer |
| 14:17 | Research | Fletching |
| 14:18 | Create | Archer |
| 14:18 | Create | Archer |
| 14:45 | Create | Archer |
| 14:45 | Create | Archer |
| 14:46 | Create | Villager (Male) |
| 15:08 | Create | Villager (Male) |
| 15:08 | Create | Villager (Male) |
| 15:11 | Build | House |
| 15:18 | Build | Farm |
| 15:18 | Build | Farm |
| 15:41 | Create | Villager (Male) |
| 16:04 | Create | Archer |
| 16:04 | Create | Archer |
| 16:05 | Create | Archer |
| 16:25 | Create | Villager (Male) |
| 16:45 | Create | Archer |
| 16:48 | Build | Farm |
| 16:48 | Build | Farm |
| 16:48 | Build | Farm |
| 16:48 | Build | Farm |
| 16:49 | Build | Farm |
| 16:49 | Build | Farm |
| 16:49 | Build | Farm |
| 16:49 | Build | Farm |
| 16:49 | Build | Farm |
| 16:52 | Create | Villager (Male) |
| 17:09 | Create | Archer |
| 17:09 | Create | Archer |
| 17:31 | Create | Villager (Male) |
| 17:31 | Create | Villager (Male) |
| 17:33 | Create | Archer |
| 17:33 | Create | Archer |
| 18:06 | Create | Villager (Male) |
| 18:09 | Build | House |
| 18:10 | Create | Villager (Male) |
| 18:13 | Build | Farm |
| 18:13 | Build | Farm |
| 18:13 | Build | Farm |
| 18:13 | Build | Farm |
| 18:31 | Research | Wheelbarrow |
| 18:38 | Research | Horse Collar |
| 18:41 | Create | Archer |
| 18:42 | Create | Archer |
| 19:05 | Create | Archer |
| 19:05 | Create | Archer |
| 19:46 | Create | Archer |
| 19:46 | Create | Archer |
| 19:50 | Create | Villager (Male) |
| 20:10 | Build | Market |
| 20:18 | Create | Villager (Male) |
| 20:35 | Create | Archer |
| 20:35 | Create | Archer |
| 20:40 | Build | House |
| 20:52 | Build | Lumber Camp |
| 21:04 | Research | Castle Age |
| 21:04 | Research | Castle Age |
| 21:35 | Build | House |
| 21:45 | Create | Archer |
| 21:45 | Create | Archer |
| 22:40 | Create | Archer |
| 22:40 | Create | Archer |
| 22:41 | Create | Archer |
| 23:38 | Create | Villager (Male) |
| 23:38 | Create | Villager (Male) |
| 23:44 | Age | Castle Age |
| 23:47 | Build | Town Center |
| 23:48 | Create | Villager (Male) |
| 23:48 | Create | Villager (Male) |
| 23:50 | Create | Villager (Male) |
| 24:11 | Build | Town Center |
| 24:14 | Research | Crossbowman (upgrade) |
| 24:15 | Research | Bodkin Arrow |
| 24:15 | Research | Bodkin Arrow |
| 24:30 | Build | University |
| 24:34 | Build | House |
| 24:36 | Build | House |
| 24:51 | Build | House |
| 24:52 | Build | House |
| 25:28 | Create | Villager (Male) |
| 25:28 | Create | Villager (Male) |
| 25:48 | Create | Villager (Male) |
| 25:51 | Research | Ballistics |
| 25:52 | Research | Ballistics |
| 26:11 | Create | Villager (Male) |
| 26:11 | Create | Villager (Male) |
| 26:21 | Create | Villager (Male) |
| 26:21 | Create | Villager (Male) |
| 26:44 | Create | Villager (Male) |
| 26:44 | Create | Villager (Male) |
| 26:49 | Build | Farm |
| 26:50 | Build | Farm |
| 26:50 | Build | Farm |
| 26:52 | Create | Villager (Male) |
| 26:52 | Create | Villager (Male) |
Build order — BomBAllan
First 150 of 466 actions detected
| 0:32 | Build | Town Center |
| 2:40 | Build | House |
| 2:46 | Build | House |
| 3:01 | Create | Villager (Male) |
| 3:01 | Create | Villager (Male) |
| 3:01 | Create | Villager (Male) |
| 3:03 | Create | Villager (Male) |
| 3:03 | Create | Villager (Male) |
| 3:46 | Research | Loom |
| 4:50 | Build | House |
| 4:59 | Build | House |
| 5:08 | Create | Villager (Male) |
| 5:14 | Create | Villager (Male) |
| 5:14 | Create | Villager (Male) |
| 5:14 | Create | Villager (Male) |
| 5:14 | Create | Villager (Male) |
| 5:32 | Create | Villager (Male) |
| 5:33 | Create | Villager (Male) |
| 5:33 | Create | Villager (Male) |
| 6:01 | Create | Villager (Male) |
| 6:01 | Create | Villager (Male) |
| 6:01 | Create | Villager (Male) |
| 6:01 | Create | Villager (Male) |
| 6:04 | Build | Lumber Camp |
| 6:16 | Create | Villager (Male) |
| 6:17 | Create | Villager (Male) |
| 6:41 | Create | Villager (Male) |
| 6:42 | Create | Villager (Male) |
| 6:42 | Create | Villager (Male) |
| 7:05 | Build | House |
| 7:06 | Build | House |
| 7:11 | Create | Villager (Male) |
| 7:11 | Create | Villager (Male) |
| 7:13 | Create | Villager (Male) |
| 7:14 | Create | Villager (Male) |
| 7:34 | Create | Villager (Male) |
| 7:34 | Create | Villager (Male) |
| 7:34 | Create | Villager (Male) |
| 8:04 | Create | Villager (Male) |
| 8:04 | Create | Villager (Male) |
| 8:10 | Build | House |
| 8:10 | Create | Villager (Male) |
| 8:11 | Create | Villager (Male) |
| 8:11 | Create | Villager (Male) |
| 8:11 | Create | Villager (Male) |
| 8:38 | Create | Villager (Male) |
| 8:38 | Create | Villager (Male) |
| 8:38 | Create | Villager (Male) |
| 8:52 | Build | House |
| 9:03 | Create | Villager (Male) |
| 9:18 | Build | House |
| 9:28 | Create | Villager (Male) |
| 9:46 | Create | Villager (Male) |
| 9:46 | Create | Villager (Male) |
| 9:58 | Create | Villager (Male) |
| 9:58 | Create | Villager (Male) |
| 9:58 | Create | Villager (Male) |
| 10:07 | Build | Mill |
| 10:12 | Create | Villager (Male) |
| 10:13 | Create | Villager (Male) |
| 10:13 | Create | Villager (Male) |
| 10:29 | Build | Mill |
| 11:01 | Build | House |
| 11:15 | Build | House |
| 11:31 | Build | House |
| 11:48 | Create | Villager (Male) |
| 11:59 | Create | Villager (Male) |
| 12:10 | Research | Feudal Age |
| 12:10 | Research | Feudal Age |
| 12:33 | Build | Mining Camp |
| 14:13 | Build | House |
| 14:23 | Age | Feudal Age |
| 14:26 | Create | Villager (Male) |
| 14:31 | Build | Market |
| 14:34 | Build | Blacksmith |
| 14:40 | Build | Palisade Wall |
| 14:46 | Create | Villager (Male) |
| 14:50 | Create | Villager (Male) |
| 15:19 | Build | Mining Camp |
| 15:33 | Research | Castle Age |
| 16:38 | Build | Watch Tower |
| 17:07 | Create | Villager (Male) |
| 17:25 | Create | Villager (Male) |
| 18:03 | Create | Villager (Male) |
| 18:06 | Research | Fletching |
| 18:21 | Age | Castle Age |
| 18:44 | Create | Villager (Male) |
| 18:59 | Research | Gold Mining |
| 19:00 | Research | Gold Mining |
| 19:30 | Create | Villager (Male) |
| 19:36 | Build | House |
| 19:52 | Create | Villager (Male) |
| 19:56 | Create | Villager (Male) |
| 20:26 | Research | Bodkin Arrow |
| 20:42 | Create | Villager (Male) |
| 20:42 | Create | Villager (Male) |
| 20:49 | Research | Double-Bit Axe |
| 20:49 | Research | Double-Bit Axe |
| 21:07 | Create | Villager (Male) |
| 21:07 | Create | Villager (Male) |
| 21:08 | Create | Villager (Male) |
| 22:20 | Create | Villager (Male) |
| 22:25 | Build | Castle |
| 22:52 | Create | Villager (Male) |
| 22:52 | Create | Villager (Male) |
| 22:53 | Create | Villager (Male) |
| 23:29 | Create | War Wagon |
| 23:30 | Create | War Wagon |
| 23:30 | Create | War Wagon |
| 23:30 | Create | War Wagon |
| 23:41 | Create | War Wagon |
| 23:41 | Create | War Wagon |
| 23:41 | Create | War Wagon |
| 23:41 | Create | War Wagon |
| 23:41 | Create | War Wagon |
| 23:48 | Create | Villager (Male) |
| 23:48 | Create | Villager (Male) |
| 23:48 | Create | Villager (Male) |
| 23:49 | Create | Villager (Male) |
| 24:13 | Create | War Wagon |
| 24:13 | Create | War Wagon |
| 24:17 | Create | War Wagon |
| 24:17 | Create | War Wagon |
| 24:17 | Create | War Wagon |
| 24:17 | Create | War Wagon |
| 24:31 | Create | War Wagon |
| 24:31 | Create | War Wagon |
| 24:31 | Create | War Wagon |
| 24:32 | Create | War Wagon |
| 24:47 | Create | War Wagon |
| 24:47 | Create | War Wagon |
| 25:12 | Create | War Wagon |
| 25:12 | Create | War Wagon |
| 25:12 | Create | War Wagon |
| 25:12 | Create | War Wagon |
| 25:26 | Create | Villager (Male) |
| 25:26 | Create | Villager (Male) |
| 25:26 | Create | Villager (Male) |
| 25:26 | Create | Villager (Male) |
| 25:29 | Create | War Wagon |
| 25:29 | Create | War Wagon |
| 25:29 | Create | War Wagon |
| 26:12 | Create | War Wagon |
| 26:14 | Create | War Wagon |
| 26:15 | Create | War Wagon |
| 26:24 | Create | War Wagon |
| 26:24 | Create | War Wagon |
| 26:25 | Create | War Wagon |
| 26:39 | Create | Villager (Male) |
| 26:39 | Create | Villager (Male) |
Match timeline
| 6:54 | 只会种田 · wall_segment Palisade Wall x1 |
| 8:07 | MythGio · wall_segment Palisade Wall x1 |
| 8:10 | MythGio · wall_segment Palisade Wall x1 |
| 9:34 | Schvank · first_building Barracks |
| 10:00 | Weary Sigh · first_building Barracks |
| 10:03 | tH_cept · wall_segment Palisade Wall x1 |
| 10:13 | 只会种田 · wall_segment Palisade Wall x1 |
| 10:17 | 只会种田 · wall_segment Palisade Wall x3 |
| 10:18 | tH_cept · wall_segment Palisade Wall x1 |
| 10:28 | tH_cept · wall_segment Palisade Wall x1 |
| 10:31 | VkA | Pra Perder · first_building Dock |
| 10:49 | VkA | GuiB_ · first_building Barracks |
| 10:58 | Schvank · age_up feudal |
| 10:59 | Schvank · first_building Stable |
| 11:30 | MythGio · wall_segment Palisade Wall x1 |
| 11:30 | MythGio · wall_segment Palisade Wall x1 |
| 11:31 | MythGio · wall_segment Palisade Wall x1 |
| 11:31 | MythGio · wall_segment Palisade Wall x1 |
| 11:31 | MythGio · wall_segment Palisade Wall x1 |
| 11:32 | MythGio · wall_segment Palisade Wall x2 |
| 11:32 | MythGio · wall_segment Palisade Wall x1 |
| 11:32 | MythGio · wall_segment Palisade Wall x2 |
| 11:33 | MythGio · wall_segment Palisade Wall x1 |
| 11:33 | MythGio · wall_segment Palisade Wall x1 |
| 11:33 | MythGio · wall_segment Palisade Wall x2 |
| 11:33 | MythGio · wall_segment Palisade Wall x1 |
| 11:34 | MythGio · wall_segment Palisade Wall x2 |
| 11:34 | MythGio · wall_segment Palisade Wall x1 |
| 11:34 | MythGio · wall_segment Palisade Wall x2 |
| 11:34 | MythGio · wall_segment Palisade Wall x1 |
| 11:36 | 只会种田 · wall_segment Palisade Wall x1 |
| 11:50 | Weary Sigh · age_up feudal |
| 11:55 | Weary Sigh · first_building Archery Range |
| 12:01 | tH_cept · first_building Barracks |
| 12:23 | VkA | GuiB_ · age_up feudal |
| 12:37 | 只会种田 · first_building Barracks |
| 12:42 | VkA | GuiB_ · wall_segment Palisade Wall x2 |
| 12:47 | VkA | GuiB_ · first_building Stable |
| 12:53 | tH_cept · age_up feudal |
| 13:00 | 只会种田 · age_up feudal |
| 13:24 | VkA | Pra Perder · age_up feudal |
| 13:59 | 只会种田 · first_building Stable |
| 14:08 | MythGio · wall_segment Palisade Wall x1 |
| 14:09 | MythGio · wall_segment Palisade Wall x1 |
| 14:09 | MythGio · wall_segment Palisade Wall x1 |
| 14:09 | MythGio · wall_segment Palisade Wall x2 |
| 14:09 | MythGio · wall_segment Palisade Wall x1 |
| 14:10 | MythGio · wall_segment Palisade Wall x2 |
| 14:10 | MythGio · wall_segment Palisade Wall x2 |
| 14:10 | MythGio · wall_segment Palisade Wall x2 |
| 14:10 | MythGio · wall_segment Palisade Wall x1 |
| 14:11 | MythGio · wall_segment Palisade Wall x2 |
| 14:11 | MythGio · wall_segment Palisade Wall x1 |
| 14:11 | MythGio · wall_segment Palisade Wall x1 |
| 14:12 | MythGio · wall_segment Palisade Wall x1 |
| 14:23 | BomBAllan · age_up feudal |
| 14:28 | VkA | GuiB_ · wall_segment Palisade Wall x1 |
| 14:40 | BomBAllan · wall_segment Palisade Wall x1 |
| 14:42 | MythGio · first_building Barracks |
| 14:47 | VkA | Pra Perder · wall_segment Palisade Wall x1 |
| 14:48 | VkA | Pra Perder · wall_segment Palisade Wall x1 |
| 14:56 | VkA | Pra Perder · wall_segment Palisade Wall x1 |
| 14:58 | VkA | Pra Perder · wall_segment Palisade Wall x1 |
| 15:00 | VkA | Pra Perder · wall_segment Palisade Wall x1 |
| 15:05 | VkA | GuiB_ · first_market_buy 100 food |
| 15:11 | VkA | GuiB_ · first_market_sell 100 stone |
| 15:17 | MythGio · age_up feudal |
| 15:45 | MythGio · first_building Archery Range |
| 15:47 | VkA | Pra Perder · wall_segment Palisade Wall x1 |
| 15:48 | VkA | Pra Perder · wall_segment Palisade Wall x1 |
| 16:00 | VkA | Pra Perder · wall_segment Palisade Wall x1 |
| 16:02 | VkA | Pra Perder · wall_segment Palisade Wall x1 |
| 16:05 | VkA | Pra Perder · wall_segment Palisade Wall x1 |
| 16:06 | VkA | Pra Perder · wall_segment Palisade Wall x1 |
| 16:08 | VkA | Pra Perder · wall_segment Palisade Wall x1 |
| 16:09 | VkA | Pra Perder · wall_segment Palisade Wall x1 |
| 16:18 | tH_cept · first_market_buy 100 food |
| 16:35 | MythGio · wall_segment Palisade Wall x1 |
| 16:37 | MythGio · wall_segment Palisade Wall x1 |
| 16:37 | MythGio · wall_segment Palisade Wall x1 |
| 16:38 | MythGio · wall_segment Palisade Wall x1 |
| 16:39 | MythGio · wall_segment Palisade Wall x1 |
| 16:39 | MythGio · wall_segment Palisade Wall x1 |
| 16:40 | MythGio · wall_segment Palisade Wall x1 |
| 16:40 | MythGio · wall_segment Palisade Wall x1 |
| 16:40 | MythGio · wall_segment Palisade Wall x2 |
| 16:41 | MythGio · wall_segment Palisade Wall x1 |
| 16:41 | MythGio · wall_segment Palisade Wall x2 |
| 16:41 | MythGio · wall_segment Palisade Wall x1 |
| 16:41 | MythGio · wall_segment Palisade Wall x1 |
| 16:42 | MythGio · wall_segment Palisade Wall x1 |
| 16:43 | VkA | Pra Perder · first_building Barracks |
| 16:43 | MythGio · wall_segment Palisade Wall x1 |
| 16:44 | MythGio · wall_segment Palisade Wall x2 |
| 16:44 | MythGio · wall_segment Palisade Wall x1 |
| 16:44 | MythGio · wall_segment Palisade Wall x2 |
| 16:45 | MythGio · wall_segment Palisade Wall x2 |
| 16:45 | MythGio · wall_segment Palisade Wall x2 |
| 16:45 | MythGio · wall_segment Palisade Wall x2 |
| 16:46 | MythGio · wall_segment Palisade Wall x2 |
| 16:46 | MythGio · wall_segment Palisade Wall x1 |
| 16:46 | MythGio · wall_segment Palisade Wall x1 |
| 16:46 | MythGio · wall_segment Palisade Wall x2 |
| 16:47 | MythGio · wall_segment Palisade Wall x1 |
| 16:47 | MythGio · wall_segment Palisade Wall x1 |
| 16:47 | MythGio · wall_segment Palisade Wall x2 |
| 16:47 | MythGio · wall_segment Palisade Wall x2 |
| 16:48 | MythGio · wall_segment Palisade Wall x1 |
| 16:48 | MythGio · wall_segment Palisade Wall x1 |
| 16:48 | MythGio · wall_segment Palisade Wall x1 |
| 17:11 | VkA | Pra Perder · first_building Stable |
| 17:31 | VkA | Pra Perder · wall_segment Palisade Wall x1 |
| 17:33 | VkA | Pra Perder · wall_segment Palisade Wall x2 |
| 17:34 | MythGio · wall_segment Palisade Wall x1 |
| 17:37 | VkA | Pra Perder · wall_segment Palisade Wall x1 |
| 17:48 | tH_cept · age_up castle |
| 17:50 | VkA | Pra Perder · age_up castle |
| 18:03 | VkA | GuiB_ · age_up castle |
| 18:21 | BomBAllan · age_up castle |
| 18:24 | MythGio · wall_segment Palisade Wall x1 |
| 19:03 | Schvank · first_market_sell 100 food |
| 19:08 | VkA | Pra Perder · wall_segment Palisade Wall x2 |
| 19:37 | MythGio · age_up castle |
| 19:43 | VkA | Pra Perder · wall_segment Palisade Wall x1 |
| 19:44 | VkA | Pra Perder · wall_segment Palisade Wall x1 |
| 19:58 | Schvank · wall_segment Palisade Wall x5 |
| 20:23 | VkA | Pra Perder · wall_segment Palisade Wall x1 |
| 20:48 | Schvank · wall_segment Palisade Wall x6 |
| 20:50 | Schvank · wall_segment Palisade Wall x9 |
| 20:58 | Weary Sigh · first_market_buy 100 food |
| 21:16 | MythGio · first_building Siege Workshop |
| 21:17 | BomBAllan · first_market_buy 100 stone |
| 21:39 | MythGio · wall_segment Palisade Wall x1 |
| 21:41 | MythGio · wall_segment Palisade Wall x1 |
| 21:41 | MythGio · wall_segment Palisade Wall x1 |
| 21:41 | MythGio · wall_segment Palisade Wall x1 |
| 21:42 | MythGio · wall_segment Palisade Wall x1 |
| 21:42 | MythGio · wall_segment Palisade Wall x2 |
| 21:42 | MythGio · wall_segment Palisade Wall x1 |
| 21:42 | MythGio · wall_segment Palisade Wall x1 |
| 21:43 | MythGio · wall_segment Palisade Wall x2 |
| 21:43 | MythGio · wall_segment Palisade Wall x1 |
| 21:43 | MythGio · wall_segment Palisade Wall x2 |
| 21:43 | MythGio · wall_segment Palisade Wall x2 |
| 21:44 | MythGio · wall_segment Palisade Wall x2 |
| 21:45 | MythGio · wall_segment Palisade Wall x1 |
| 21:45 | Schvank · age_up castle |
| 22:25 | BomBAllan · first_building Castle |
| 22:45 | MythGio · wall_segment Palisade Wall x1 |
| 22:47 | MythGio · wall_segment Palisade Wall x1 |
| 22:48 | MythGio · wall_segment Palisade Wall x1 |
| 23:15 | Schvank · first_market_buy 100 wood |
| 23:39 | BomBAllan · first_market_sell 100 stone |
| 23:44 | Weary Sigh · age_up castle |
| 23:45 | MythGio · wall_segment Palisade Wall x1 |
| 23:45 | VkA | Pra Perder · first_market_buy 100 food |
| 23:45 | MythGio · wall_segment Palisade Wall x1 |
| 23:45 | MythGio · wall_segment Palisade Wall x1 |
| 23:46 | MythGio · wall_segment Palisade Wall x2 |
| 23:46 | MythGio · wall_segment Palisade Wall x1 |
| 23:46 | MythGio · wall_segment Palisade Wall x2 |
| 23:47 | MythGio · wall_segment Palisade Wall x1 |
| 23:47 | MythGio · wall_segment Palisade Wall x2 |
| 23:47 | MythGio · wall_segment Palisade Wall x2 |
| 23:47 | MythGio · wall_segment Palisade Wall x2 |
| 23:48 | MythGio · wall_segment Palisade Wall x2 |
| 23:48 | MythGio · wall_segment Palisade Wall x1 |
| 23:48 | MythGio · wall_segment Palisade Wall x1 |
| 25:01 | VkA | GuiB_ · first_building Castle |
| 26:31 | 只会种田 · wall_segment Stone Wall x1 |
| 26:35 | 只会种田 · wall_segment Stone Wall x3 |
| 26:40 | 只会种田 · wall_segment Stone Wall x4 |
| 27:16 | VkA | Pra Perder · wall_segment Palisade Wall x1 |
| 27:30 | tH_cept · wall_segment Palisade Wall x1 |
| 27:38 | VkA | Pra Perder · first_market_sell 100 food |
| 27:39 | 只会种田 · age_up castle |
| 27:43 | Weary Sigh · first_building Siege Workshop |
| 27:55 | VkA | GuiB_ · first_building Siege Workshop |
| 28:10 | MythGio · wall_segment Palisade Wall x1 |
| 28:12 | MythGio · wall_segment Palisade Wall x1 |
| 28:13 | MythGio · wall_segment Palisade Wall x1 |
| 28:13 | MythGio · wall_segment Palisade Wall x1 |
| 28:13 | MythGio · wall_segment Palisade Wall x1 |
| 28:13 | MythGio · wall_segment Palisade Wall x1 |
| 28:14 | MythGio · wall_segment Palisade Wall x2 |
| 28:14 | MythGio · wall_segment Palisade Wall x2 |
| 28:14 | MythGio · wall_segment Palisade Wall x2 |
| 28:15 | MythGio · wall_segment Palisade Wall x1 |
| 28:15 | MythGio · wall_segment Palisade Wall x2 |
| 28:15 | MythGio · wall_segment Palisade Wall x2 |
| 28:15 | MythGio · wall_segment Palisade Wall x1 |
| 28:16 | MythGio · wall_segment Palisade Wall x2 |
| 28:16 | MythGio · wall_segment Palisade Wall x1 |
| 28:16 | MythGio · wall_segment Palisade Wall x2 |
| 28:16 | MythGio · wall_segment Palisade Wall x1 |
| 28:17 | MythGio · wall_segment Palisade Wall x2 |
| 28:17 | MythGio · wall_segment Palisade Wall x1 |
| 28:17 | MythGio · wall_segment Palisade Wall x2 |
| 28:18 | MythGio · wall_segment Palisade Wall x1 |
| 28:18 | MythGio · wall_segment Palisade Wall x1 |
| 28:18 | MythGio · wall_segment Palisade Wall x1 |
| 28:28 | tH_cept · first_building Castle |
| 28:46 | VkA | Pra Perder · wall_segment Palisade Wall x3 |
| 28:47 | VkA | GuiB_ · first_building Monastery |
| 28:50 | tH_cept · first_building Siege Workshop |
| 31:16 | VkA | Pra Perder · wall_segment Palisade Wall x1 |
| 31:19 | VkA | Pra Perder · wall_segment Palisade Wall x7 |
| 31:36 | VkA | Pra Perder · wall_segment Stone Wall x11 |
| 31:50 | VkA | Pra Perder · first_building Monastery |
| 32:33 | VkA | Pra Perder · wall_segment Stone Wall x5 |
| 32:42 | VkA | Pra Perder · wall_segment Palisade Wall x1 |
| 33:07 | Weary Sigh · first_building Castle |
| 33:09 | VkA | Pra Perder · first_building Castle |
| 33:54 | VkA | Pra Perder · wall_segment Palisade Wall x1 |
| 34:05 | tH_cept · first_market_sell 100 food |
| 34:30 | 只会种田 · first_building Castle |
| 34:31 | BomBAllan · first_building Barracks |
| 34:37 | MythGio · first_building Monastery |
| 36:34 | VkA | Pra Perder · wall_segment Stone Wall x6 |
| 37:19 | tH_cept · age_up imperial |
| 37:26 | MythGio · first_building Castle |
| 38:03 | VkA | Pra Perder · wall_segment Stone Wall x4 |
| 38:06 | VkA | Pra Perder · wall_segment Stone Wall x5 |
| 38:34 | MythGio · age_up imperial |
| 38:53 | 只会种田 · first_market_buy 100 stone |
| 39:45 | VkA | Pra Perder · first_building Archery Range |
| 40:18 | BomBAllan · first_building Stable |
| 40:40 | 只会种田 · first_building Monastery |
| 41:44 | 只会种田 · wall_segment Stone Wall x1 |
| 41:48 | 只会种田 · wall_segment Stone Wall x1 |
| 41:51 | 只会种田 · wall_segment Stone Wall x1 |
| 45:04 | Weary Sigh · first_market_sell 100 wood |
| 45:38 | VkA | GuiB_ · age_up imperial |
| 46:25 | Schvank · first_building Monastery |
| 48:17 | MythGio · tribute_sent a jugador 1 |
| 48:17 | MythGio · tribute_sent a jugador 2 |
| 48:17 | MythGio · tribute_sent a jugador 3 |
| 48:17 | MythGio · tribute_sent a jugador 5 |
| 48:17 | MythGio · tribute_sent a jugador 6 |
| 48:17 | MythGio · tribute_sent a jugador 7 |
| 48:17 | MythGio · tribute_sent a jugador 8 |
| 48:18 | 只会种田 · age_up imperial |
| 48:20 | Weary Sigh · age_up imperial |
| 48:31 | VkA | GuiB_ · tribute_sent a jugador 1 |
| 48:31 | VkA | GuiB_ · tribute_sent a jugador 3 |
| 48:31 | VkA | GuiB_ · tribute_sent a jugador 4 |
| 48:31 | VkA | GuiB_ · tribute_sent a jugador 5 |
| 48:31 | VkA | GuiB_ · tribute_sent a jugador 6 |
| 48:31 | VkA | GuiB_ · tribute_sent a jugador 7 |
| 48:31 | VkA | GuiB_ · tribute_sent a jugador 8 |
| 49:39 | 只会种田 · first_building Archery Range |
| 49:57 | 只会种田 · first_market_sell 100 food |
| 50:27 | Schvank · age_up imperial |
| 51:13 | VkA | Pra Perder · first_building Siege Workshop |
| 52:20 | MythGio · first_market_sell 100 food |
| 52:58 | MythGio · first_building Stable |
| 53:28 | BomBAllan · age_up imperial |
| 54:14 | VkA | Pra Perder · age_up imperial |
| 54:41 | tH_cept · resign |
[ AI ANALYSIS · 1 CREDIT ]
What really happened in this match?
Wolo.gg analyzes every decision: build order, eco, micro, common mistakes by bracket. Personalized analysis on WhatsApp or Discord in 30 seconds.
Civ guide
Magyars
Perfil
Jugador #19224656